Map: Thunderbird LE

Players

Namshar - Winner!

  • Race: Zerg Zerg
  • League: Grandmaster
  • Spawn Location: 5:00

HellraiseR

  • Race: Protoss Protoss
  • Spawn Location: 11:00

Event: HomeStory Cup XIX

VOD

Have the link to the VOD?

Description

Time

  • Played on: June 28, 2019, 9:30 a.m.
  • Length: 9:44

All games in this series

Show
View Real Time Build Order
Export as new Build Order

Namshar Zerg - Winner!

Build Orders: Hatch First 

Get SALT Encoding   

  12  0:00  Drone  
  13  0:12  Overlord  
  13  0:17  Drone  
  14  0:31  Drone x2  
  14  0:34  Drone  
  17  0:52  Hatchery  
  17  0:56  Drone  
  17  0:59  Drone  
  18  1:23  Extractor  
  18  1:25  Spawning Pool  
  16  1:26  Drone x2  
  18  1:40  Drone  
  18  1:41  Drone  
  21  1:54  Drone  
  21  2:03  Drone  
  22  2:14  Zergling x2, Queen x2  
  22  2:15  Zergling x2  
  28  2:22  Overlord  
  28  2:28  Metabolic Boost  
  28  2:40  Hatchery  
  28  2:41  Drone  
  28  2:42  Drone  
  28  2:44  Drone  
  30  2:47  Drone  
  31  2:54  Queen  
  33  2:59  Overlord  
  33  3:02  Drone  
  34  3:06  Drone  
  34  3:09  Overlord  
  34  3:13  Zergling x2  
  34  3:16  Zergling x2  
  36  3:26  Zergling x2  
  36  3:27  Drone, Zergling x2  
  38  3:28  Drone x3  
  42  3:34  Queen  
  42  3:36  Drone  
  42  3:38  Drone  
  46  3:42  Drone x2  
  46  3:48  Overlord, Evolution Chamber  
  47  3:53  Drone x2  
  49  3:55  Spore Crawler  
  49  3:59  Overlord  
  48  4:03  Drone  
  48  4:04  Drone  
  48  4:06  Drone x2  
  48  4:07  Drone  
  52  4:14  Spore Crawler  
  51  4:17  Spore Crawler  
  51  4:19  Zerg Melee Weapons Level 1  
  51  4:23  Drone x3  
  53  4:24  Drone x2  
  53  4:27  Overlord  
  53  4:31  Drone x3  
  58  4:36  Overlord  
  58  4:38  Drone  
  58  4:39  Drone x2  
  58  4:41  Drone x2  
  58  4:44  Overlord  
  63  4:53  Zergling x12  
  63  4:57  Extractor  
  63  4:59  Extractor  
  67  5:04  Lair, Zergling x8  
  70  5:08  Queen  
  70  5:10  Drone  
  70  5:11  Drone  
  70  5:13  Drone x2  
  73  5:15  Overlord  
  73  5:21  Drone x5  
  74  5:25  Drone x3  
  80  5:39  Overlord  
  79  5:46  Zergling x20  
  87  5:52  Zergling x6  
  89  5:59  Extractor  
  89  6:00  Extractor  
  89  6:03  Baneling Nest  
  89  6:04  Queen  
  86  6:08  Queen  
  90  6:12  Hydralisk Den, Extractor  
  90  6:13  Queen  
  90  6:15  Drone x9  
  97  6:25  Drone x2  
  97  6:26  Drone  
  97  6:30  Spore Crawler  
  97  6:31  Spore Crawler  
  97  6:32  Spore Crawler, Drone x6  
  97  6:35  Overlord  
  97  6:36  Overlord  
  97  6:42  Muscular Augments  
  96  6:51  Overlord x2  
  95  6:54  Overlord x2  
  86  7:11  Drone  
  86  7:12  Drone x9  
  86  7:13  Spire  
  94  7:19  Queen  
  94  7:25  Hatchery  
  89  7:32  Overlord  
  89  7:33  Overlord  
  89  7:36  Spore Crawler  
  85  7:41  Overlord x2  
  83  7:48  Drone x2  
  83  7:51  Overlord, Spore Crawler  
  84  7:53  Extractor, Drone x2, Spore Crawler  
  84  7:55  Spore Crawler  
  84  7:57  Spore Crawler  
  80  8:01  Extractor  
  78  8:07  Queen  
  78  8:11  Overlord  
  80  8:13  Overlord  
  77  8:24  Corruptor  
  77  8:25  Corruptor x12  
  103  8:30  Corruptor  
  103  8:40  Corruptor  
  103  8:41  Corruptor x3  
  104  8:42  Drone  
  104  8:43  Drone  
  112  8:52  Drone x7  
  117  8:58  Drone  
  118  9:08  Corruptor x4  
  126  9:13  Drone  
Show
View Real Time Build Order
Export as new Build Order

HellraiseR Protoss 

Build Orders: 1 Gate Expand, Phoenix Opening, Mass Phoenix 

Get SALT Encoding   

  12  0:01  Probe  
  13  0:13  Probe  
  14  0:20  Pylon  
  14  0:23  Probe  
  15  0:34  Probe  
  15  0:38  Gateway  
  16  0:43  Probe  
  16  0:47  Assimilator  
  17  0:55  Probe  
  18  1:07  Probe  
  19  1:20  Nexus  
  19  1:23  Probe  
  20  1:35  Cybernetics Core  
  20  1:36  Probe  
  21  1:42  Assimilator  
  21  1:48  Probe  
  21  1:52  Pylon  
  22  2:01  Adept, Probe  
  23  2:13  Probe  
  26  2:21  Adept  
  26  2:23  Stargate  
  26  2:25  Probe  
  26  2:29  Probe  
  30  2:37  Probe x2  
  32  2:47  Probe  
  32  2:49  Probe  
  34  2:51  Adept  
  36  2:59  Probe  
  36  3:01  Phoenix, Probe  
  38  3:11  Probe  
  41  3:13  Probe  
  41  3:19  Gateway  
  42  3:23  Probe  
  42  3:24  Phoenix  
  42  3:25  Probe  
  44  3:27  Protoss Air Weapons Level 1  
  44  3:33  Pylon  
  46  3:43  Phoenix  
  46  3:49  Assimilator  
  46  3:50  Assimilator  
  46  3:51  Probe x2  
  46  3:52  Pylon  
  50  4:02  Pylon  
  50  4:03  Probe x2  
  50  4:06  Phoenix  
  54  4:14  Pylon  
  54  4:15  Probe x2  
  56  4:23  Stargate  
  56  4:24  Phoenix  
  56  4:28  Probe x2  
  60  4:40  Probe x2  
  60  4:42  Phoenix  
  60  4:45  Zealot x2  
  66  4:47  Pylon  
  66  4:52  Probe x2  
  70  5:04  Phoenix x2  
  72  5:12  Nexus  
  74  5:17  Pylon  
  74  5:23  Probe x2  
  74  5:27  Phoenix  
  76  5:31  Fleet Beacon  
  78  5:38  Warp Gate, Oracle  
  78  5:40  Shield Battery  
  78  5:42  Pylon  
  74  5:49  Probe  
  76  5:51  Probe  
  76  5:53  Pylon  
  74  5:59  Forge  
  74  6:00  Oracle  
  74  6:02  Pylon  
  74  6:03  Pylon  
  74  6:05  Adept  
  74  6:06  Adept  
  74  6:09  Probe x2  
  83  6:21  Probe  
  83  6:22  Probe  
  91  6:33  Probe  
  91  6:34  Probe  
  93  6:42  Zealot, Pylon, Photon Cannon  
  93  6:43  Zealot  
  97  6:53  Carrier  
  97  6:55  Pylon  
  102  7:02  Carrier  
  102  7:03  Probe  
  102  7:04  Probe  
  104  7:15  Probe  
  105  7:16  Pylon  
  105  7:22  Pylon  
  105  7:26  Pylon  
  104  7:33  Nexus  
  104  7:34  Pylon  
  93  7:37  Probe  
  94  7:46  Stargate  
  94  7:55  Probe  
  94  8:02  Carrier  
  94  8:04  Carrier  
  100  8:16  Pylon  
  104  8:21  Probe  
  104  8:22  Probe  
  106  8:34  Probe  
  106  8:35  Probe  
  114  8:46  Probe x2  
  114  8:47  Probe  
  114  8:48  Void Ray  
  117  8:50  Assimilator  
  115  8:56  Assimilator  
  115  8:58  Probe  
  115  8:59  Probe  
  115  9:00  Pylon  
  115  9:01  Shield Battery  
  115  9:03  Photon Cannon  
  119  9:12  Probe  
  119  9:14  Probe  
  119  9:16  Probe  
  126  9:24  Probe  
Tags
 
Add a new tag
Caveats
  • Supply blocks, unpowered buildings, or Contaminate may cause inaccurate times.
  • Supply counts are checked every 10 seconds.